 Dungeon Crawl Stone Soup version 0.30-a0-305-g026cb31310 (webtiles) character file.

Game seed: 2720306744117072771

50 ryw the Trooper (level 3, 0/30 HPs)
             Began as a Demonspawn Monk on Oct 21, 2022.
             Slain by an orc
             ... wielding a +1 vorpal mace
              (8 damage)
             ... on level 2 of the Dungeon.
             The game lasted 00:01:27 (1131 turns).

ryw the Trooper (Demonspawn Monk)                   Turns: 1131, Time: 00:01:27

Health: 0/30       AC:  2    Str: 11    XL:     3   Next: 55%
Magic:  6/6        EV: 12    Int: 13    God:
Gold:   92         SH:  0    Dex: 15    Spells: 6/6 levels left

rFire   . . .      SeeInvis .    g - +0 long sword
rCold   . . .      Faith    .    (no shield)
rNeg    . . .      Spirit   .    a - +0 robe
rPois   .          Reflect  .    (no helmet)
rElec   .          Harm     .    (no cloak)
rCorr   .          Rampage  .    (no gloves)
Will    .....                    (no boots)
Stlth   ++........               (no amulet)
HPRegen 0.25/turn                (no ring)
MPRegen 0.20/turn                (no ring)

@: no status effects
A: magic regeneration
a: no special abilities


You were on level 2 of the Dungeon.
You visited 1 branch of the dungeon, and saw 2 of its levels.

You collected 92 gold pieces.

Inventory:

Hand Weapons
 g - a +0 long sword (weapon)
Missiles
 f - 2 poisoned darts (quivered)
Armour
 a - a +0 robe (worn)
Jewellery
 e - a +6 ring of dexterity
 h - an amulet of magic regeneration
Potions
 b - a potion of ambrosia
 c - a potion of attraction {unknown}
 d - a potion of degeneration {unknown}


   Skills:
 - Level 3.8 Fighting
 - Level 2.6 Dodging
 - Level 1.7 Stealth
 - Level 2.6 Unarmed Combat
 + Level 2.1 Spellcasting


You had 6 spell levels left.
You didn't know any spells.
Your spell library contained the following spells:

 Spells                   Type           Power      Damage    Failure   Level
 Yara's Violent Unravell  Hex/Tmut       0%         3d3       100%        5
 Enfeeble                 Hex            0%         N/A       100%        7


Dungeon Overview and Level Annotations

Branches:
Dungeon (2/15)

Altars:


Innate Abilities, Weirdness & Mutations

You regenerate magic rapidly.


Message History

The orc priest is moderately wounded.
The orc priest begins to cast a cantrip, but forgets the words!
The orc hits you but does no damage.
You completely miss the orc priest.
The orc priest is moderately wounded.
The orc closely misses you.
The orc priest hits you with a +0 hand axe.
You are too injured to fight recklessly!
Unknown command.
You hit the orc priest.
The orc priest is heavily wounded.
The orc priest hits you with a +0 hand axe.
The orc priest misses you.
A goblin comes into view.
It is wielding a +0 club and wearing the +3 chain mail of Makhleb's Esteem {*Corrode +Inv Will+++ Int+2}.
The orc barely misses you.
You aren't carrying any scrolls.
Unknown command.
You are confused.
You feel invigorated.
The goblin shouts!
The orc priest hits you with a +0 hand axe.
The orc closely misses you. The orc completely misses you.
You miss the orc priest.
The orc priest is heavily wounded.
The orc hits you with a +1 vorpal mace.
* * * LOW HITPOINT WARNING * * *
The orc hits you with a +0 dagger.
* * * LOW HITPOINT WARNING * * *
An orc priest comes into view. It is wielding a +0 trident.
The orc priest begins to cast a cantrip, but forgets the words!
You hit the orc priest but do no damage.
The orc priest is heavily wounded.
You feel less invigorated.
You feel less confused. The orc priest barely misses you.
The orc hits you with a +0 dagger. The orc misses you.
The orc priest hits you with a +0 hand axe.
* * * LOW HITPOINT WARNING * * *
The orc hits you with a +1 vorpal mace!
You die...

#........ #......(.
#......o.
#.......########
#......g#......#
#.#...............
.......oo........ .
#.#.#.o@†.!..... .#
#..............##.###
.........####........
............#.........#
....#.................#
....#.................#
..# ########....#.....#
#. #....#'#...# ..
.....####..........#


You could see 2 orc priests, 2 orcs and a goblin.

Vanquished Creatures
  An adder (D:2)
  2 dart slugs (D:1)
  4 ball pythons
  4 bats (D:1)
  2 endoplasms
  2 giant cockroaches (D:2)
  4 goblins
  3 hobgoblins (D:1)
  4 jackals (D:1)
  2 kobolds
  4 frilled lizards (D:1)
  A rat (D:1)
33 creatures vanquished.

Vanquished Creatures (others)
  4 toadstools (D:1)
4 creatures vanquished.

Grand Total: 37 creatures vanquished

Notes
Turn   | Place    | Note
-------+----------+-------------------------------------------
     0 | D:1      | ryw the Demonspawn Monk began the quest for the Orb.
     0 | D:1      | Reached XP level 1. HP: 18/18 MP: 1/1
     7 | D:1      | Found a faded altar of an unknown god.
    78 | D:1      | Gained mutation: You regenerate magic rapidly. [demonic
                  | ancestry]
    78 | D:1      | Reached XP level 2. HP: 20/24 MP: 2/2
   411 | D:1      | Reached skill level 1 in Spellcasting
   669 | D:1      | Reached XP level 3. HP: 28/30 MP: 3/5
  1128 | D:2      | Identified the +3 chain mail of Makhleb's Esteem {*Corrode
                  | +Inv Will+++ Int+2}
  1131 | D:2      | Slain by an orc

Illustrated notes

Levels and vault maps discovered:
D:1:      ldierk_water_garden, layout_basic, basic_ecumenical_altar,
          minmay_misc_feat_hallway, hangedman_feature_mirror,
          chequers_serial_rivers_small_a, minivault_27
D:2:      layout_basic

Skill      XL: |  1  2  3 |
---------------+----------+-----
Spellcasting   | 1 2 |  2.1
Fighting       | |  3.8
Dodging        | |  2.6
Stealth        | |  1.7
Unarmed Combat | |  2.6

Action                   || total
-------------------------++-------
Melee: Unarmed           ||   126
       Long sword        ||    12
  Use: Potion            ||     1
 Stab: Sleeping          ||     5
Armor: Robe              ||    19
Dodge: Dodged            ||    91

Table legend: (Time is in decaauts)
 A = Elapsed time spent in this place.
 B = Non-inter-level travel time spent in this place.
 C = Inter-level travel time spent in this place.
 D = Time resting spent in this place.
 E = Time spent auto-exploring this place.
 F = Levels seen in this place.
 G = Mean time per level.
                   A        B        C        D        E       F      G
               +--------+--------+--------+--------+--------+-----+--------+
         Total |   1135 |   1121 |     14 |      0 |    869 |   2 |  567.5 |
       Dungeon |   1135 |   1121 |     14 |      0 |    869 |   2 |  567.5 |
               +--------+--------+--------+--------+--------+-----+--------+

Top non-repeatable levels by time:
     D:1: 894 daAuts
     D:2: 240 daAuts
